[ AOE2 MATCH · #469169516 ]
UnrankedPersians vs Ethiopians
[ REPLAY ANALYSIS · EXTRACTED FROM THE RECORDED GAME ]
Feudal
11:23
Castle
16:47
Imperial
—
| APM avg | 26.2 |
| APM peak | 70 |
| eAPM avg | 10.7 |
| Villagers / military | 70 / 21 |
Focus
⚔️ 26.9% · 🌾 73.1%
Knight ×21
Feudal
9:25
Castle
24:06
Imperial
38:50
| APM avg | 36.2 |
| APM peak | 72 |
| eAPM avg | 19.5 |
| Villagers / military | 117 / 83 |
Focus
⚔️ 35.7% · 🌾 64.3%
Archer ×71 · Skirmisher ×6 · Militia ×3 · Mangonel ×2 · Unknown (1942) ×2 · Spearman ×1
Feudal
9:16
Castle
23:24
Imperial
—
| APM avg | 51.7 |
| APM peak | 77 |
| eAPM avg | 25.1 |
| Villagers / military | 99 / 138 |
Focus
⚔️ 48.7% · 🌾 51.3%
Archer ×95 · Skirmisher ×43
Feudal
11:38
Castle
28:31
Imperial
—
| APM avg | 20.0 |
| APM peak | 43 |
| eAPM avg | 11.7 |
| Villagers / military | 66 / 87 |
Focus
⚔️ 40.4% · 🌾 59.6%
Skirmisher ×35 · Archer ×29 · Elephant Archer ×19 · Mangonel ×2 · Scorpion ×1 · Spearman ×1
Feudal
9:55
Castle
22:19
Imperial
37:09
| APM avg | 36.2 |
| APM peak | 74 |
| eAPM avg | 16.0 |
| Villagers / military | 112 / 6 |
Focus
⚔️ 25.6% · 🌾 74.4%
Unknown (1944) ×53 · Unknown (1949) ×7 · Scout Cavalry ×4 · Unknown (1942) ×4 · Spearman ×2
Feudal
9:07
Castle
24:32
Imperial
34:41
| APM avg | 52.8 |
| APM peak | 87 |
| eAPM avg | 25.9 |
| Villagers / military | 94 / 105 |
Focus
⚔️ 39.1% · 🌾 60.9%
Archer ×101 · Bombard Cannon ×3 · Monk ×1
Match map
Initial resources + every placement click. Lines = walls · curves = elevation contours. ◆ gold · ⬟ stone · ● berries · ✦ relic · ◌ wall gap
Your base· ✓ Closed at 16:47 · 60t walls · 1 gate(s)
Quando's base· ✓ Closed at 24:06 · 58t walls · no gate
[Odst] Sheppard's base· ✓ Closed at 23:24 · 50t walls · 3 gate(s)
Relief's base· ✓ Closed at 28:31 · 54t walls · 2 gate(s)
Ager's base· Open — 7t gap
Reto's base· ✓ Closed at 24:32 · 37t walls · no gate
Smoothed initial terrain · ◌ = detected wall gap · hover for details
Inputs per minute
— Fr4ggi - - Quando
Build order — Fr4ggi
First 150 of 176 actions detected
| 0:05 | Build | House |
| 0:08 | Build | House |
| 0:09 | Queue | Villager (Male) |
| 0:09 | Queue | Villager (Male) |
| 0:23 | Queue | Villager (Male) |
| 0:23 | Queue | Villager (Male) |
| 0:38 | Queue | Villager (Male) |
| 1:31 | Queue | Villager (Male) |
| 1:55 | Build | Lumber Camp |
| 2:29 | Queue | Villager (Male) |
| 2:30 | Queue | Villager (Male) |
| 3:18 | Queue | Villager (Male) |
| 3:19 | Queue | Villager (Male) |
| 3:52 | Build | House |
| 4:09 | Queue | Villager (Male) |
| 4:16 | Build | Mill |
| 4:18 | Queue | Villager (Male) |
| 5:06 | Queue | Villager (Male) |
| 5:20 | Build | House |
| 5:30 | Queue | Villager (Male) |
| 5:30 | Queue | Villager (Male) |
| 5:58 | Queue | Villager (Male) |
| 6:34 | Build | Palisade Wall |
| 6:37 | Queue | Villager (Male) |
| 6:37 | Queue | Villager (Male) |
| 6:53 | Build | Palisade Wall |
| 6:57 | Queue | Villager (Male) |
| 7:13 | Queue | Villager (Male) |
| 7:47 | Queue | Villager (Male) |
| 8:17 | Build | Palisade Wall |
| 8:32 | Build | Palisade Wall |
| 8:42 | Build | Palisade Wall |
| 9:03 | Build | Palisade Wall |
| 9:11 | Build | Palisade Gate |
| 9:13 | Queue | Villager (Male) |
| 9:20 | Research | Feudal Age |
| 9:25 | Build | Mining Camp |
| 9:49 | Build | Farm |
| 10:09 | Build | Farm |
| 10:27 | Build | Farm |
| 10:57 | Build | House |
| 11:21 | Build | Farm |
| 11:23 | Queue | Villager (Male) |
| 11:23 | Age | Feudal Age |
| 11:36 | Build | Barracks |
| 11:55 | Build | Blacksmith |
| 11:58 | Queue | Villager (Male) |
| 12:25 | Build | Farm |
| 12:26 | Queue | Villager (Male) |
| 12:57 | Build | Stable |
| 13:01 | Queue | Villager (Male) |
| 13:24 | Queue | Villager (Male) |
| 13:27 | Build | Farm |
| 13:41 | Build | House |
| 13:51 | Build | Farm |
| 14:22 | Research | Castle Age |
| 14:30 | Build | Lumber Camp |
| 14:38 | Build | Farm |
| 15:10 | Build | Farm |
| 15:15 | Research | Double-Bit Axe |
| 15:35 | Build | Farm |
| 15:38 | Queue | Villager (Male) |
| 15:54 | Build | Farm |
| 15:58 | Build | Farm |
| 16:16 | Build | Farm |
| 16:20 | Build | Farm |
| 16:25 | Research | Bloodlines |
| 16:37 | Build | Farm |
| 16:47 | Age | Castle Age |
| 16:50 | Queue | Knight |
| 16:58 | Research | Horse Collar |
| 17:02 | Queue | Villager (Male) |
| 17:22 | Build | House |
| 17:25 | Queue | Knight |
| 17:35 | Build | Farm |
| 17:36 | Queue | Villager (Male) |
| 17:59 | Build | House |
| 18:03 | Research | Wheelbarrow |
| 18:10 | Build | Farm |
| 18:17 | Build | Farm |
| 18:35 | Build | House |
| 18:40 | Queue | Villager (Male) |
| 18:49 | Build | Farm |
| 18:59 | Queue | Knight |
| 19:05 | Research | Scale Barding Armor |
| 19:25 | Build | House |
| 19:31 | Build | Farm |
| 19:41 | Build | Farm |
| 19:44 | Research | Hand Cart |
| 20:04 | Build | Farm |
| 20:07 | Queue | Knight |
| 20:22 | Build | Farm |
| 20:24 | Queue | Villager (Male) |
| 20:37 | Queue | Knight |
| 20:46 | Research | Forging |
| 21:16 | Build | House |
| 21:18 | Build | Farm |
| 21:21 | Queue | Villager (Male) |
| 21:21 | Queue | Villager (Male) |
| 21:41 | Research | Husbandry |
| 22:05 | Build | Farm |
| 22:11 | Build | Farm |
| 22:14 | Research | Bow Saw |
| 22:23 | Queue | Knight |
| 23:05 | Queue | Knight |
| 23:30 | Build | Farm |
| 25:10 | Queue | Knight |
| 25:11 | Queue | Knight |
| 25:16 | Build | House |
| 25:22 | Build | Stable |
| 25:29 | Queue | Villager (Male) |
| 25:29 | Queue | Villager (Male) |
| 25:50 | Queue | Villager (Male) |
| 25:50 | Queue | Villager (Male) |
| 25:59 | Build | House |
| 26:06 | Research | Loom |
| 26:13 | Build | House |
| 26:22 | Build | House |
| 26:25 | Build | House |
| 28:46 | Queue | Villager (Male) |
| 28:46 | Queue | Villager (Male) |
| 29:43 | Build | House |
| 29:47 | Queue | Villager (Male) |
| 29:47 | Queue | Villager (Male) |
| 29:48 | Queue | Villager (Male) |
| 30:01 | Build | Town Center |
| 30:06 | Build | House |
| 30:30 | Queue | Villager (Male) |
| 30:31 | Queue | Villager (Male) |
| 30:57 | Queue | Villager (Male) |
| 31:17 | Research | Gold Mining |
| 31:39 | Queue | Knight |
| 31:39 | Queue | Knight |
| 32:17 | Build | House |
| 32:28 | Queue | Villager (Male) |
| 32:28 | Queue | Villager (Male) |
| 32:28 | Queue | Villager (Male) |
| 32:34 | Queue | Villager (Male) |
| 32:35 | Queue | Villager (Male) |
| 32:35 | Queue | Villager (Male) |
| 33:04 | Research | Heavy Plow |
| 33:13 | Queue | Villager (Male) |
| 33:14 | Queue | Villager (Male) |
| 33:29 | Queue | Knight |
| 33:53 | Queue | Villager (Male) |
| 33:53 | Queue | Villager (Male) |
| 34:14 | Queue | Villager (Male) |
| 34:14 | Queue | Villager (Male) |
| 34:24 | Research | Gold Shaft Mining |
| 34:27 | Queue | Knight |
Build order — Quando
First 150 of 331 actions detected
| 0:04 | Queue | Villager (Male) |
| 0:05 | Queue | Villager (Male) |
| 0:05 | Queue | Villager (Male) |
| 0:06 | Build | House |
| 0:07 | Build | House |
| 0:21 | Queue | Villager (Male) |
| 1:38 | Queue | Villager (Male) |
| 2:05 | Queue | Villager (Male) |
| 2:14 | Build | Lumber Camp |
| 2:23 | Queue | Villager (Male) |
| 3:02 | Queue | Villager (Male) |
| 3:07 | Queue | Villager (Male) |
| 3:45 | Queue | Villager (Male) |
| 3:56 | Build | House |
| 4:14 | Queue | Villager (Male) |
| 4:24 | Queue | Villager (Male) |
| 4:42 | Queue | Villager (Male) |
| 5:28 | Queue | Villager (Male) |
| 5:38 | Queue | Villager (Male) |
| 5:41 | Build | Barracks |
| 6:02 | Queue | Villager (Male) |
| 6:14 | Build | House |
| 6:34 | Research | Loom |
| 7:03 | Build | House |
| 7:15 | Research | Feudal Age |
| 7:41 | Build | Palisade Wall |
| 7:42 | Queue | Militia |
| 8:01 | Build | Mining Camp |
| 8:09 | Queue | Militia |
| 8:34 | Build | Mill |
| 8:43 | Queue | Militia |
| 9:15 | Queue | Villager (Male) |
| 9:25 | Age | Feudal Age |
| 9:27 | Build | Mill |
| 9:28 | Research | Man-at-Arms (upgrade) |
| 9:43 | Build | Farm |
| 9:48 | Queue | Villager (Male) |
| 10:29 | Queue | Villager (Male) |
| 10:48 | Build | Archery Range |
| 10:50 | Queue | Villager (Male) |
| 10:51 | Build | Farm |
| 10:59 | Queue | Villager (Male) |
| 11:08 | Queue | Villager (Male) |
| 11:13 | Build | Farm |
| 11:19 | Build | House |
| 11:21 | Build | Palisade Wall |
| 11:31 | Queue | Skirmisher |
| 11:39 | Build | House |
| 11:52 | Queue | Skirmisher |
| 11:55 | Queue | Archer |
| 12:04 | Build | House |
| 12:05 | Queue | Villager (Male) |
| 12:07 | Build | Farm |
| 12:14 | Build | Palisade Wall |
| 12:27 | Build | Palisade Wall |
| 12:29 | Queue | Villager (Male) |
| 12:35 | Queue | Skirmisher |
| 12:39 | Queue | Villager (Male) |
| 12:52 | Build | Farm |
| 13:05 | Queue | Archer |
| 13:09 | Build | Palisade Wall |
| 13:11 | Build | Palisade Wall |
| 13:18 | Queue | Villager (Male) |
| 13:21 | Research | Double-Bit Axe |
| 13:56 | Queue | Villager (Male) |
| 13:58 | Queue | Archer |
| 14:08 | Queue | Spearman |
| 14:17 | Build | Palisade Wall |
| 14:21 | Queue | Villager (Male) |
| 14:25 | Build | Blacksmith |
| 14:30 | Queue | Villager (Male) |
| 14:47 | Queue | Villager (Male) |
| 14:48 | Build | House |
| 14:56 | Build | Market |
| 15:11 | Build | Farm |
| 15:13 | Queue | Archer |
| 15:28 | Build | Palisade Wall |
| 15:41 | Research | Fletching |
| 15:51 | Build | Farm |
| 15:53 | Queue | Villager (Male) |
| 16:23 | Queue | Archer |
| 16:23 | Queue | Skirmisher |
| 16:24 | Queue | Villager (Male) |
| 16:34 | Build | Lumber Camp |
| 16:40 | Build | House |
| 16:41 | Build | House |
| 16:42 | Queue | Villager (Male) |
| 16:46 | Queue | Skirmisher |
| 16:52 | Queue | Villager (Male) |
| 17:25 | Queue | Villager (Male) |
| 17:34 | Queue | Skirmisher |
| 17:44 | Build | House |
| 17:56 | Build | Farm |
| 18:03 | Build | House |
| 18:05 | Build | House |
| 18:10 | Build | Palisade Wall |
| 18:20 | Queue | Villager (Male) |
| 18:32 | Build | Farm |
| 18:33 | Build | Farm |
| 18:45 | Queue | Villager (Male) |
| 19:00 | Build | Farm |
| 19:13 | Queue | Villager (Male) |
| 19:24 | Build | Farm |
| 19:29 | Queue | Villager (Male) |
| 19:43 | Queue | Villager (Male) |
| 19:45 | Build | House |
| 19:48 | Build | Farm |
| 20:22 | Build | Farm |
| 20:24 | Build | Farm |
| 20:26 | Queue | Villager (Male) |
| 20:42 | Queue | Villager (Male) |
| 21:20 | Build | Palisade Wall |
| 21:23 | Build | Archery Range |
| 21:26 | Research | Castle Age |
| 21:28 | Queue | Archer |
| 21:36 | Research | Padded Archer Armor |
| 21:54 | Research | Horse Collar |
| 22:00 | Queue | Archer |
| 22:01 | Queue | Archer |
| 22:09 | Research | Gold Mining |
| 22:25 | Queue | Archer |
| 22:25 | Queue | Archer |
| 22:57 | Queue | Archer |
| 23:06 | Build | Archery Range |
| 23:38 | Queue | Archer |
| 23:41 | Queue | Archer |
| 23:42 | Queue | Villager (Male) |
| 24:06 | Age | Castle Age |
| 24:09 | Research | Crossbowman (upgrade) |
| 24:14 | Build | University |
| 24:16 | Research | Bow Saw |
| 24:18 | Research | Wheelbarrow |
| 24:26 | Research | Bodkin Arrow |
| 24:27 | Queue | Villager (Male) |
| 24:29 | Queue | Archer |
| 24:29 | Queue | Archer |
| 24:30 | Queue | Archer |
| 24:32 | Queue | Archer |
| 24:48 | Build | Farm |
| 24:52 | Queue | Villager (Male) |
| 24:55 | Research | Town Watch |
| 24:58 | Queue | Archer |
| 24:58 | Queue | Archer |
| 25:00 | Queue | Archer |
| 25:08 | Queue | Villager (Male) |
| 25:11 | Build | House |
| 25:13 | Build | House |
| 25:13 | Build | House |
| 25:15 | Build | House |
| 25:39 | Research | Wheelbarrow |
Build order — [Odst] Sheppard
First 150 of 335 actions detected
| 0:02 | Queue | Villager (Male) ×4 |
| 0:03 | Build | House |
| 0:05 | Build | House |
| 1:36 | Queue | Villager (Male) |
| 1:36 | Queue | Villager (Male) |
| 2:03 | Queue | Villager (Male) |
| 2:03 | Queue | Villager (Male) |
| 2:24 | Queue | Villager (Male) |
| 2:27 | Build | Lumber Camp |
| 2:47 | Build | House |
| 2:48 | Build | Palisade Wall |
| 3:01 | Queue | Villager (Male) |
| 3:25 | Queue | Villager (Male) |
| 3:45 | Queue | Villager (Male) |
| 4:24 | Queue | Villager (Male) |
| 4:25 | Queue | Villager (Male) |
| 4:55 | Queue | Villager (Male) |
| 4:55 | Queue | Villager (Male) |
| 5:48 | Build | Mining Camp |
| 6:04 | Queue | Villager (Male) |
| 6:19 | Research | Loom |
| 7:06 | Research | Feudal Age |
| 7:19 | Build | Mill |
| 7:36 | Build | House |
| 8:13 | Build | Barracks |
| 8:48 | Queue | Villager (Male) |
| 9:16 | Age | Feudal Age |
| 9:17 | Build | Archery Range |
| 9:31 | Queue | Villager (Male) |
| 10:00 | Queue | Archer |
| 10:00 | Queue | Archer |
| 10:05 | Research | Double-Bit Axe |
| 10:08 | Build | Blacksmith |
| 10:18 | Queue | Villager (Male) |
| 10:36 | Queue | Villager (Male) |
| 10:53 | Queue | Villager (Male) |
| 10:53 | Queue | Villager (Male) |
| 10:56 | Research | Fletching |
| 10:56 | Queue | Archer |
| 10:57 | Queue | Archer |
| 11:11 | Build | House |
| 11:15 | Build | House |
| 11:43 | Build | House |
| 11:45 | Research | Horse Collar |
| 11:52 | Build | House |
| 12:03 | Queue | Archer |
| 12:25 | Queue | Villager (Male) |
| 12:25 | Queue | Villager (Male) |
| 12:27 | Queue | Archer |
| 13:01 | Queue | Archer |
| 13:01 | Queue | Villager (Male) |
| 13:06 | Build | Mill |
| 13:23 | Queue | Archer |
| 13:24 | Queue | Villager (Male) |
| 13:51 | Queue | Archer |
| 14:00 | Queue | Villager (Male) |
| 14:36 | Queue | Archer |
| 14:38 | Research | Padded Archer Armor |
| 14:40 | Build | Farm |
| 14:40 | Build | Farm |
| 14:40 | Build | Farm |
| 15:04 | Build | Archery Range |
| 15:22 | Queue | Archer |
| 15:22 | Queue | Archer |
| 15:23 | Queue | Villager (Male) |
| 15:23 | Queue | Villager (Male) |
| 15:27 | Build | House |
| 15:28 | Build | Palisade Wall |
| 15:30 | Build | Farm |
| 15:30 | Build | Farm |
| 15:30 | Build | Farm |
| 15:30 | Build | Farm |
| 15:30 | Build | Farm |
| 15:30 | Build | Farm |
| 16:01 | Queue | Archer |
| 16:01 | Queue | Archer |
| 16:03 | Queue | Villager (Male) |
| 16:04 | Build | Farm |
| 16:04 | Build | Farm |
| 16:40 | Queue | Archer |
| 16:41 | Queue | Archer |
| 16:41 | Queue | Villager (Male) |
| 16:41 | Queue | Villager (Male) |
| 17:06 | Queue | Skirmisher |
| 17:06 | Queue | Skirmisher |
| 17:32 | Queue | Skirmisher |
| 17:33 | Queue | Skirmisher |
| 17:34 | Queue | Villager (Male) |
| 17:35 | Queue | Villager (Male) |
| 17:40 | Build | Mining Camp |
| 18:03 | Queue | Archer |
| 18:30 | Queue | Skirmisher |
| 18:30 | Queue | Skirmisher |
| 18:32 | Queue | Villager (Male) |
| 18:32 | Queue | Villager (Male) |
| 18:36 | Build | Farm |
| 18:36 | Build | Farm |
| 19:00 | Build | House |
| 19:02 | Build | House |
| 19:23 | Queue | Skirmisher |
| 19:23 | Queue | Skirmisher |
| 19:24 | Queue | Villager (Male) |
| 19:25 | Queue | Villager (Male) |
| 19:57 | Build | Lumber Camp |
| 20:26 | Build | House |
| 20:30 | Build | Palisade Wall |
| 20:35 | Build | Palisade Wall |
| 20:37 | Build | Palisade Gate |
| 20:44 | Research | Castle Age |
| 20:51 | Build | House |
| 20:53 | Build | Palisade Gate |
| 20:55 | Build | Palisade Wall |
| 21:05 | Build | Palisade Wall |
| 21:06 | Build | Palisade Gate |
| 21:10 | Queue | Archer |
| 21:11 | Queue | Archer |
| 21:48 | Build | Palisade Wall |
| 21:50 | Build | Palisade Wall |
| 21:50 | Build | Palisade Wall |
| 21:50 | Build | Palisade Wall |
| 21:56 | Queue | Archer |
| 21:57 | Queue | Archer |
| 22:51 | Build | Palisade Wall |
| 22:53 | Build | House |
| 22:54 | Build | Palisade Wall |
| 22:58 | Build | Palisade Wall |
| 23:07 | Queue | Archer |
| 23:07 | Queue | Archer |
| 23:12 | Build | Palisade Gate |
| 23:14 | Build | House |
| 23:17 | Queue | Archer |
| 23:17 | Queue | Archer |
| 23:18 | Queue | Villager (Male) |
| 23:23 | Queue | Archer |
| 23:24 | Age | Castle Age |
| 23:25 | Research | Bodkin Arrow |
| 23:26 | Research | Crossbowman (upgrade) |
| 23:36 | Build | House |
| 23:37 | Build | Palisade Wall |
| 23:53 | Build | Palisade Wall |
| 23:54 | Build | Palisade Wall |
| 23:57 | Build | Palisade Wall |
| 24:09 | Build | Town Center |
| 24:18 | Queue | Archer |
| 24:28 | Research | Bow Saw |
| 25:06 | Queue | Archer |
| 25:06 | Queue | Archer |
| 25:07 | Research | Thumb Ring |
| 25:12 | Queue | Villager (Male) |
| 25:12 | Queue | Villager (Male) |
Build order — Relief
First 150 of 236 actions detected
| 0:00 | Queue | Villager (Male) |
| 0:01 | Queue | Villager (Male) |
| 0:03 | Build | House |
| 0:05 | Build | House |
| 0:28 | Queue | Villager (Male) |
| 0:28 | Queue | Villager (Male) |
| 1:23 | Queue | Villager (Male) |
| 1:46 | Build | Lumber Camp |
| 1:58 | Queue | Villager (Male) |
| 2:28 | Queue | Villager (Male) |
| 2:47 | Queue | Villager (Male) |
| 3:01 | Queue | Villager (Male) |
| 3:51 | Build | House |
| 3:53 | Build | House |
| 4:16 | Queue | Villager (Male) |
| 4:43 | Queue | Villager (Male) |
| 4:49 | Build | Mill |
| 5:17 | Build | Palisade Wall |
| 5:18 | Queue | Villager (Male) |
| 5:42 | Queue | Villager (Male) |
| 6:04 | Queue | Villager (Male) |
| 6:08 | Build | Farm |
| 6:15 | Build | Farm |
| 6:17 | Queue | Villager (Male) |
| 6:47 | Queue | Villager (Male) |
| 7:05 | Build | Lumber Camp |
| 7:08 | Queue | Villager (Male) |
| 7:32 | Queue | Villager (Male) |
| 7:39 | Build | Palisade Wall |
| 8:02 | Queue | Villager (Male) |
| 8:28 | Build | Palisade Wall |
| 8:30 | Build | Palisade Gate |
| 8:31 | Queue | Villager (Male) |
| 8:53 | Research | Loom |
| 9:02 | Build | Barracks |
| 9:21 | Research | Feudal Age |
| 9:43 | Build | Mining Camp |
| 10:30 | Queue | Villager (Male) |
| 10:30 | Queue | Villager (Male) |
| 11:00 | Build | House |
| 11:38 | Age | Feudal Age |
| 11:43 | Build | Archery Range |
| 11:55 | Build | Blacksmith |
| 12:02 | Queue | Spearman |
| 12:12 | Build | Archery Range |
| 13:02 | Queue | Skirmisher |
| 13:03 | Queue | Skirmisher |
| 13:09 | Build | Farm |
| 13:23 | Build | Farm |
| 13:25 | Build | Farm |
| 13:28 | Build | Farm |
| 13:36 | Queue | Skirmisher |
| 13:41 | Build | House |
| 13:44 | Research | Fletching |
| 14:06 | Build | Farm |
| 14:11 | Queue | Skirmisher |
| 14:21 | Build | Farm |
| 14:38 | Queue | Skirmisher |
| 14:45 | Queue | Villager (Male) |
| 14:47 | Research | Padded Archer Armor |
| 15:11 | Queue | Skirmisher |
| 15:21 | Queue | Villager (Male) |
| 16:03 | Queue | Skirmisher |
| 16:03 | Queue | Skirmisher |
| 17:10 | Queue | Skirmisher |
| 17:11 | Queue | Skirmisher |
| 17:35 | Queue | Skirmisher |
| 17:35 | Queue | Skirmisher |
| 17:42 | Queue | Villager (Male) |
| 17:42 | Queue | Villager (Male) |
| 17:49 | Queue | Archer |
| 17:49 | Queue | Archer |
| 17:55 | Build | Archery Range |
| 17:56 | Build | Palisade Gate |
| 18:01 | Build | Farm |
| 18:02 | Queue | Villager (Male) |
| 18:15 | Build | House |
| 18:31 | Queue | Archer |
| 18:32 | Queue | Archer |
| 18:37 | Queue | Villager (Male) |
| 18:50 | Queue | Skirmisher |
| 18:53 | Build | House |
| 19:17 | Queue | Skirmisher |
| 19:17 | Queue | Skirmisher |
| 19:27 | Build | House |
| 19:30 | Build | Farm |
| 19:32 | Queue | Villager (Male) |
| 19:41 | Queue | Skirmisher |
| 19:42 | Queue | Skirmisher |
| 19:44 | Queue | Archer |
| 20:20 | Build | House |
| 20:23 | Build | House |
| 20:26 | Queue | Villager (Male) |
| 20:26 | Queue | Villager (Male) |
| 20:43 | Queue | Archer |
| 20:43 | Queue | Archer |
| 20:46 | Queue | Villager (Male) |
| 20:53 | Build | House |
| 20:59 | Build | Palisade Wall |
| 21:07 | Queue | Villager (Male) |
| 21:11 | Research | Double-Bit Axe |
| 21:13 | Research | Horse Collar |
| 21:18 | Build | House |
| 21:35 | Queue | Villager (Male) |
| 21:41 | Build | Farm |
| 21:43 | Build | Farm |
| 21:47 | Queue | Archer |
| 21:47 | Queue | Archer |
| 21:51 | Queue | Archer |
| 22:06 | Build | Farm |
| 22:10 | Build | House |
| 22:11 | Queue | Villager (Male) |
| 22:13 | Queue | Villager (Male) |
| 22:47 | Queue | Archer |
| 22:48 | Queue | Archer |
| 22:53 | Build | Farm |
| 23:03 | Build | Farm |
| 23:13 | Queue | Villager (Male) |
| 23:35 | Build | Palisade Gate |
| 23:38 | Queue | Villager (Male) |
| 23:40 | Queue | Archer |
| 23:42 | Queue | Archer |
| 24:04 | Queue | Villager (Male) |
| 24:06 | Queue | Archer |
| 24:07 | Queue | Archer |
| 24:17 | Queue | Villager (Male) |
| 24:23 | Queue | Archer |
| 24:24 | Queue | Archer |
| 24:33 | Research | Wheelbarrow |
| 24:48 | Build | Palisade Wall |
| 25:10 | Queue | Villager (Male) |
| 25:16 | Research | Castle Age |
| 25:18 | Queue | Archer |
| 25:18 | Queue | Archer |
| 25:19 | Queue | Archer |
| 25:20 | Queue | Archer |
| 25:22 | Queue | Archer |
| 26:00 | Queue | Archer |
| 26:18 | Research | Gold Mining |
| 27:37 | Queue | Archer |
| 27:37 | Queue | Archer |
| 27:37 | Queue | Archer |
| 27:37 | Queue | Archer |
| 27:38 | Queue | Archer |
| 27:57 | Build | Lumber Camp |
| 28:00 | Build | House |
| 28:15 | Queue | Skirmisher |
| 28:16 | Queue | Skirmisher |
| 28:16 | Queue | Skirmisher |
| 28:16 | Queue | Skirmisher |
Build order — Ager
First 150 of 314 actions detected
| 0:03 | Build | House |
| 0:04 | Build | House |
| 0:05 | Queue | Villager (Male) |
| 0:05 | Queue | Villager (Male) |
| 0:05 | Queue | Villager (Male) |
| 0:06 | Queue | Villager (Male) |
| 0:06 | Queue | Villager (Male) |
| 1:33 | Queue | Villager (Male) |
| 1:48 | Build | Lumber Camp |
| 2:04 | Queue | Villager (Male) |
| 2:30 | Queue | Villager (Male) |
| 3:11 | Queue | Villager (Male) |
| 3:11 | Queue | Villager (Male) |
| 3:11 | Queue | Villager (Male) |
| 3:48 | Queue | Villager (Male) |
| 4:04 | Build | House |
| 4:12 | Queue | Villager (Male) |
| 4:43 | Build | Mill |
| 4:47 | Queue | Villager (Male) |
| 5:06 | Queue | Villager (Male) |
| 5:07 | Queue | Villager (Male) |
| 5:30 | Queue | Villager (Male) |
| 5:42 | Queue | Villager (Male) |
| 5:50 | Build | House |
| 6:43 | Queue | Villager (Male) |
| 6:48 | Build | Mill |
| 6:58 | Research | Loom |
| 7:20 | Queue | Villager (Male) |
| 7:33 | Research | Feudal Age |
| 8:14 | Build | Mining Camp |
| 9:34 | Build | Barracks |
| 9:36 | Queue | Villager (Male) |
| 9:36 | Queue | Villager (Male) |
| 9:55 | Age | Feudal Age |
| 10:12 | Research | Double-Bit Axe |
| 10:15 | Research | Horse Collar |
| 10:40 | Build | Stable |
| 10:44 | Queue | Villager (Male) |
| 11:01 | Research | Horse Collar |
| 11:11 | Build | House |
| 11:13 | Queue | Villager (Male) |
| 11:31 | Queue | Scout Cavalry |
| 11:31 | Queue | Scout Cavalry |
| 11:41 | Build | House |
| 11:44 | Queue | Villager (Male) |
| 11:52 | Build | Farm |
| 11:53 | Build | Farm |
| 11:57 | Build | Farm |
| 12:02 | Build | Farm |
| 12:03 | Queue | Villager (Male) |
| 12:07 | Queue | Scout Cavalry |
| 12:23 | Build | Farm |
| 12:40 | Build | House |
| 12:46 | Queue | Villager (Male) |
| 12:46 | Queue | Villager (Male) |
| 12:50 | Build | Farm |
| 12:53 | Build | Farm |
| 12:54 | Build | Farm |
| 13:26 | Queue | Scout Cavalry |
| 13:28 | Build | Farm |
| 13:33 | Build | Farm |
| 13:35 | Build | Farm |
| 13:37 | Queue | Villager (Male) |
| 13:38 | Queue | Villager (Male) |
| 13:53 | Build | Palisade Wall |
| 13:54 | Build | Palisade Wall |
| 13:56 | Build | Palisade Wall |
| 14:05 | Queue | Villager (Male) |
| 14:06 | Queue | Villager (Male) |
| 14:16 | Build | Farm |
| 14:22 | Build | Farm |
| 14:23 | Queue | Villager (Male) |
| 14:48 | Build | Farm |
| 15:16 | Build | Lumber Camp |
| 15:19 | Queue | Villager (Male) |
| 15:19 | Queue | Villager (Male) |
| 15:53 | Queue | Villager (Male) |
| 15:53 | Queue | Villager (Male) |
| 16:44 | Build | House |
| 16:44 | Build | House |
| 16:45 | Build | House |
| 16:45 | Build | House |
| 16:45 | Build | House |
| 16:46 | Queue | Villager (Male) |
| 16:47 | Queue | Villager (Male) |
| 16:47 | Queue | Villager (Male) |
| 18:59 | Build | Market |
| 19:06 | Queue | Villager (Male) |
| 19:10 | Build | House |
| 19:16 | Build | House |
| 19:24 | Build | House |
| 19:26 | Build | Palisade Wall |
| 19:39 | Research | Castle Age |
| 19:45 | Build | House |
| 20:06 | Build | Stable |
| 20:09 | Research | Bloodlines |
| 20:35 | Build | Blacksmith |
| 20:42 | Build | Mining Camp |
| 21:08 | Research | Gold Mining |
| 21:16 | Research | Wheelbarrow |
| 21:17 | Queue | Villager (Male) |
| 21:18 | Queue | Villager (Male) |
| 21:40 | Queue | Spearman |
| 21:40 | Queue | Spearman |
| 21:45 | Research | Scale Barding Armor |
| 21:46 | Research | Forging |
| 21:53 | Build | House |
| 22:19 | Age | Castle Age |
| 22:32 | Build | Town Center |
| 22:39 | Research | Bow Saw |
| 22:39 | Research | Bow Saw |
| 22:45 | Research | Heavy Plow |
| 22:46 | Queue | Villager (Male) |
| 22:47 | Queue | Villager (Male) |
| 22:47 | Queue | Villager (Male) |
| 22:47 | Queue | Villager (Male) |
| 22:49 | Queue | Unit 1944 |
| 23:07 | Build | Mill |
| 23:07 | Build | Farm |
| 23:08 | Build | Farm |
| 23:08 | Build | Farm |
| 23:08 | Build | Farm |
| 23:09 | Build | Farm |
| 23:19 | Queue | Unit 1944 |
| 23:21 | Queue | Unit 1944 |
| 23:29 | Build | House |
| 23:38 | Build | Town Center |
| 23:45 | Queue | Villager (Male) |
| 23:45 | Queue | Villager (Male) |
| 23:50 | Queue | Unit 1944 |
| 23:50 | Queue | Unit 1944 |
| 24:05 | Build | Lumber Camp |
| 24:08 | Queue | Unit 1944 |
| 24:22 | Queue | Unit 1944 |
| 24:23 | Queue | Unit 1944 |
| 24:30 | Queue | Villager (Male) |
| 24:30 | Queue | Villager (Male) |
| 24:42 | Queue | Villager (Male) |
| 25:02 | Research | Fletching |
| 25:15 | Queue | Unit 1944 |
| 25:15 | Queue | Unit 1944 |
| 25:23 | Queue | Villager (Male) |
| 25:23 | Queue | Villager (Male) |
| 25:31 | Queue | Villager (Male) |
| 25:31 | Queue | Villager (Male) |
| 25:41 | Queue | Villager (Male) |
| 25:41 | Queue | Villager (Male) |
| 26:37 | Queue | Villager (Male) |
| 26:37 | Queue | Villager (Male) |
| 26:37 | Queue | Villager (Male) |
Build order — Reto
First 150 of 315 actions detected
| 0:01 | Queue | Villager (Male) |
| 0:01 | Queue | Villager (Male) |
| 0:02 | Queue | Villager (Male) |
| 0:03 | Build | House |
| 0:03 | Build | House |
| 0:05 | Queue | Villager (Male) |
| 1:26 | Queue | Villager (Male) |
| 1:52 | Build | Lumber Camp |
| 1:59 | Queue | Villager (Male) |
| 2:14 | Queue | Villager (Male) |
| 2:45 | Queue | Villager (Male) |
| 3:08 | Queue | Villager (Male) |
| 3:20 | Build | House |
| 3:31 | Queue | Villager (Male) |
| 4:14 | Queue | Villager (Male) |
| 4:14 | Queue | Villager (Male) |
| 4:20 | Queue | Villager (Male) |
| 4:41 | Queue | Villager (Male) |
| 4:42 | Queue | Villager (Male) |
| 4:43 | Queue | Villager (Male) |
| 5:37 | Build | Mining Camp |
| 6:05 | Queue | Villager (Male) |
| 6:57 | Research | Feudal Age |
| 7:51 | Build | Barracks |
| 8:00 | Research | Loom |
| 8:08 | Build | House |
| 9:07 | Age | Feudal Age |
| 9:09 | Build | Archery Range |
| 9:21 | Build | Archery Range |
| 9:21 | Queue | Villager (Male) |
| 9:37 | Queue | Villager (Male) |
| 9:39 | Build | Mill |
| 10:03 | Build | Palisade Wall |
| 10:04 | Build | House |
| 10:09 | Build | House |
| 10:14 | Queue | Archer |
| 10:15 | Queue | Archer |
| 10:15 | Queue | Villager (Male) |
| 10:18 | Build | Palisade Wall |
| 10:19 | Build | Palisade Wall |
| 10:21 | Build | Palisade Wall |
| 10:22 | Build | Palisade Wall |
| 10:27 | Build | Palisade Wall |
| 10:28 | Build | Palisade Wall |
| 10:29 | Queue | Villager (Male) |
| 10:42 | Build | House |
| 10:44 | Build | Palisade Wall |
| 10:47 | Build | House |
| 10:52 | Queue | Archer |
| 11:02 | Queue | Archer |
| 11:19 | Queue | Villager (Male) |
| 11:21 | Queue | Archer |
| 11:26 | Build | Farm |
| 11:27 | Build | Farm |
| 11:41 | Build | Palisade Wall |
| 11:46 | Build | Palisade Wall |
| 11:48 | Build | Palisade Wall |
| 11:54 | Build | Farm |
| 11:57 | Queue | Villager (Male) |
| 11:57 | Queue | Villager (Male) |
| 12:00 | Queue | Archer |
| 12:07 | Build | Farm |
| 12:13 | Build | House |
| 12:14 | Build | Palisade Wall |
| 12:16 | Build | House |
| 12:18 | Build | Palisade Wall |
| 12:25 | Queue | Villager (Male) |
| 12:35 | Build | Farm |
| 12:41 | Queue | Archer |
| 12:46 | Queue | Archer |
| 12:55 | Queue | Villager (Male) |
| 13:12 | Queue | Archer |
| 13:32 | Queue | Villager (Male) |
| 13:32 | Queue | Villager (Male) |
| 13:44 | Build | Palisade Wall |
| 13:55 | Queue | Archer |
| 13:55 | Queue | Villager (Male) |
| 13:59 | Queue | Archer |
| 14:19 | Queue | Archer |
| 14:20 | Queue | Villager (Male) |
| 14:41 | Queue | Villager (Male) |
| 14:42 | Queue | Archer |
| 14:50 | Queue | Villager (Male) |
| 15:00 | Build | Blacksmith |
| 15:07 | Queue | Villager (Male) |
| 15:08 | Queue | Archer |
| 15:16 | Build | Farm |
| 15:17 | Build | Farm |
| 15:19 | Build | Farm |
| 15:32 | Queue | Villager (Male) |
| 15:43 | Research | Fletching |
| 15:44 | Queue | Archer |
| 15:45 | Queue | Archer |
| 15:52 | Build | House |
| 15:53 | Build | House |
| 15:58 | Build | House |
| 16:22 | Queue | Villager (Male) |
| 16:43 | Queue | Villager (Male) |
| 16:44 | Queue | Archer |
| 16:47 | Queue | Archer |
| 16:47 | Queue | Villager (Male) |
| 16:49 | Build | House |
| 16:50 | Build | Palisade Wall |
| 16:54 | Queue | Villager (Male) |
| 16:56 | Build | Farm |
| 16:58 | Build | Farm |
| 17:08 | Queue | Archer |
| 17:09 | Queue | Villager (Male) |
| 17:34 | Queue | Archer |
| 17:34 | Queue | Villager (Male) |
| 17:47 | Build | House |
| 17:47 | Build | Palisade Wall |
| 17:48 | Build | Palisade Wall |
| 17:50 | Queue | Archer |
| 17:50 | Queue | Villager (Male) |
| 17:53 | Build | Farm |
| 17:54 | Build | Farm |
| 17:59 | Build | Lumber Camp |
| 18:19 | Queue | Villager (Male) |
| 18:20 | Queue | Archer |
| 18:26 | Research | Double-Bit Axe |
| 18:35 | Queue | Archer |
| 18:41 | Build | House |
| 18:44 | Build | Palisade Wall |
| 18:58 | Queue | Archer |
| 19:03 | Queue | Archer |
| 19:20 | Build | Farm |
| 19:21 | Queue | Archer |
| 19:31 | Build | House |
| 19:33 | Build | Palisade Wall |
| 19:42 | Research | Wheelbarrow |
| 19:48 | Queue | Archer |
| 20:03 | Queue | Archer |
| 20:03 | Queue | Archer |
| 20:45 | Queue | Villager (Male) |
| 20:54 | Build | Market |
| 21:09 | Build | Market |
| 21:11 | Queue | Villager (Male) |
| 21:35 | Build | House |
| 21:52 | Research | Castle Age |
| 21:55 | Queue | Archer |
| 21:55 | Queue | Archer |
| 22:03 | Queue | Archer |
| 22:03 | Queue | Archer |
| 22:28 | Research | Horse Collar |
| 22:56 | Research | Gold Mining |
| 23:07 | Queue | Archer |
| 23:07 | Queue | Archer |
| 23:44 | Queue | Archer |
| 23:44 | Queue | Archer |
Match timeline
| 2:48 | [Odst] Sheppard · wall_segment Palisade Wall x1 |
| 5:17 | Relief · wall_segment Palisade Wall x13 |
| 5:41 | Quando · first_building Barracks |
| 6:34 | Fr4ggi · wall_segment Palisade Wall x11 |
| 6:53 | Fr4ggi · wall_segment Palisade Wall x10 |
| 7:39 | Relief · wall_segment Palisade Wall x3 |
| 7:41 | Quando · wall_segment Palisade Wall x1 |
| 7:51 | Reto · first_building Barracks |
| 8:13 | [Odst] Sheppard · first_building Barracks |
| 8:17 | Fr4ggi · wall_segment Palisade Wall x5 |
| 8:28 | Relief · wall_segment Palisade Wall x18 |
| 8:32 | Fr4ggi · wall_segment Palisade Wall x11 |
| 8:42 | Fr4ggi · wall_segment Palisade Wall x7 |
| 9:02 | Relief · first_building Barracks |
| 9:03 | Fr4ggi · wall_segment Palisade Wall x16 |
| 9:07 | Reto · age_up feudal |
| 9:09 | Reto · first_building Archery Range |
| 9:16 | [Odst] Sheppard · age_up feudal |
| 9:17 | [Odst] Sheppard · first_building Archery Range |
| 9:25 | Quando · age_up feudal |
| 9:34 | Ager · first_building Barracks |
| 9:55 | Ager · age_up feudal |
| 10:03 | Reto · wall_segment Palisade Wall x1 |
| 10:18 | Reto · wall_segment Palisade Wall x1 |
| 10:19 | Reto · wall_segment Palisade Wall x1 |
| 10:21 | Reto · wall_segment Palisade Wall x1 |
| 10:22 | Reto · wall_segment Palisade Wall x1 |
| 10:27 | Reto · wall_segment Palisade Wall x1 |
| 10:28 | Reto · wall_segment Palisade Wall x1 |
| 10:40 | Ager · first_building Stable |
| 10:44 | Reto · wall_segment Palisade Wall x2 |
| 10:48 | Quando · first_building Archery Range |
| 11:21 | Quando · wall_segment Palisade Wall x14 |
| 11:23 | Fr4ggi · age_up feudal |
| 11:36 | Fr4ggi · first_building Barracks |
| 11:38 | Relief · age_up feudal |
| 11:41 | Reto · wall_segment Palisade Wall x1 |
| 11:43 | Relief · first_building Archery Range |
| 11:46 | Reto · wall_segment Palisade Wall x1 |
| 11:48 | Reto · wall_segment Palisade Wall x1 |
| 12:14 | Reto · wall_segment Palisade Wall x1 |
| 12:14 | Quando · wall_segment Palisade Wall x11 |
| 12:18 | Reto · wall_segment Palisade Wall x7 |
| 12:27 | Quando · wall_segment Palisade Wall x9 |
| 12:57 | Fr4ggi · first_building Stable |
| 13:09 | Quando · wall_segment Palisade Wall x5 |
| 13:11 | Quando · wall_segment Palisade Wall x5 |
| 13:44 | Reto · wall_segment Palisade Wall x1 |
| 13:53 | Ager · wall_segment Palisade Wall x5 |
| 13:54 | Ager · wall_segment Palisade Wall x2 |
| 13:56 | Ager · wall_segment Palisade Wall x9 |
| 14:17 | Quando · wall_segment Palisade Wall x2 |
| 15:28 | [Odst] Sheppard · wall_segment Palisade Wall x8 |
| 15:28 | Quando · wall_segment Palisade Wall x12 |
| 16:47 | Fr4ggi · age_up castle |
| 16:50 | Reto · wall_segment Palisade Wall x4 |
| 17:47 | Reto · wall_segment Palisade Wall x1 |
| 17:48 | Reto · wall_segment Palisade Wall x1 |
| 18:10 | Quando · wall_segment Palisade Wall x1 |
| 18:44 | Reto · wall_segment Palisade Wall x6 |
| 19:26 | Ager · wall_segment Palisade Wall x9 |
| 19:33 | Reto · wall_segment Palisade Wall x5 |
| 20:30 | [Odst] Sheppard · wall_segment Palisade Wall x7 |
| 20:35 | [Odst] Sheppard · wall_segment Palisade Wall x11 |
| 20:53 | Quando · first_market_sell 100 wood |
| 20:54 | Quando · first_market_buy 100 food |
| 20:55 | [Odst] Sheppard · wall_segment Palisade Wall x7 |
| 20:59 | Relief · wall_segment Palisade Wall x10 |
| 21:05 | [Odst] Sheppard · wall_segment Palisade Wall x8 |
| 21:20 | Quando · wall_segment Palisade Wall x1 |
| 21:48 | [Odst] Sheppard · wall_segment Palisade Wall x3 |
| 21:50 | [Odst] Sheppard · wall_segment Palisade Wall x1 |
| 21:50 | [Odst] Sheppard · wall_segment Palisade Wall x1 |
| 21:50 | [Odst] Sheppard · wall_segment Palisade Wall x1 |
| 22:19 | Ager · age_up castle |
| 22:51 | [Odst] Sheppard · wall_segment Palisade Wall x1 |
| 22:54 | [Odst] Sheppard · wall_segment Palisade Wall x1 |
| 22:58 | [Odst] Sheppard · wall_segment Palisade Wall x1 |
| 23:24 | [Odst] Sheppard · age_up castle |
| 23:37 | [Odst] Sheppard · wall_segment Palisade Wall x3 |
| 23:53 | [Odst] Sheppard · wall_segment Palisade Wall x1 |
| 23:54 | [Odst] Sheppard · wall_segment Palisade Wall x1 |
| 23:57 | [Odst] Sheppard · wall_segment Palisade Wall x1 |
| 24:06 | Quando · age_up castle |
| 24:32 | Reto · age_up castle |
| 24:48 | Relief · wall_segment Palisade Wall x10 |
| 26:34 | Reto · first_building Monastery |
| 28:31 | Relief · age_up castle |
| 28:52 | Quando · first_building Siege Workshop |
| 29:30 | Relief · first_building Siege Workshop |
| 29:37 | Reto · first_building Siege Workshop |
| 31:10 | Reto · first_market_sell 100 stone |
| 31:26 | Ager · first_building Castle |
| 32:00 | Ager · first_market_buy 100 food |
| 32:41 | Ager · first_building Monastery |
| 32:57 | Reto · first_market_buy 100 stone |
| 33:47 | Ager · first_building Siege Workshop |
| 34:38 | Relief · first_building Stable |
| 34:41 | Reto · age_up imperial |
| 37:09 | Ager · age_up imperial |
| 37:34 | Ager · first_market_sell 500 wood |
| 38:50 | Quando · age_up imperial |
| 39:04 | [Odst] Sheppard · first_market_buy 100 food |
| 39:29 | [Odst] Sheppard · first_building Monastery |
| 40:34 | Fr4ggi · resign |
[ AI ANALYSIS · 1 CREDIT ]
What really happened in this match?
Wolo.gg analyzes every decision: build order, eco, micro, common mistakes by bracket. Personalized analysis on WhatsApp or Discord in 30 seconds.
Civ guide
Persians
Perfil
Jugador #6051949